 Dungeon Crawl Stone Soup version 0.30.1-11-g7821555f0a (webtiles) character file.

Game seed: 17361217207130227540

4 hawla the Firebug (level 1, 0/14 HPs)
             Began as a Meteoran Fire Elementalist on Nov 2, 2023.
             Killed from afar by a dart slug (4 damage)
             ... with a slug dart
             ... on level 2 of the Dungeon.
             The game lasted 00:00:37 (22 turns).

hawla the Firebug (Meteoran Fire Elementalist)        Turns: 22, Time: 00:00:37

Health: 0/14       AC:  2    Str:  9    XL:     1   Next: 85%
Magic:  2/5        EV: 12    Int: 16    God:
Gold:   0          SH:  0    Dex: 14    Spells: 4/5 levels left

rFire   . . .        (no weapon)
rCold   . . .        (no shield)
rNeg    . . .        a - +0 robe
rPois   .            (no helmet)
rElec   .            (no cloak)
rCorr   .            (no gloves)
SInv    .            (no boots)
Will    .....        (no amulet)
Stlth   +            (no ring)
HPRegen 0.22/turn    (no ring)
MPRegen 0.09/turn

%: no passive effects
@: very slightly contaminated, glowing
A: sense surroundings 1, otherworldly, glowing, explore regen
a: no special abilities


You were on level 2 of the Dungeon.
You visited 1 branch of the dungeon, and saw 2 of its levels.

Inventory:

Armour
 a - a +0 robe (worn)


   Skills:
 + Level 2.4 Dodging
 - Level 1.4 Stealth
 + Level 2.8 Spellcasting
 + Level 1.2 Conjurations
 + Level 3.8 Fire Magic


You had 4 spell levels left.
You knew the following spells:

 Your Spells              Type           Power      Damage    Failure   Level
a - Foxfire               Conj/Fire      40%        2x1d6     7%          1

Your spell library contained the following spells:

 Spells                   Type           Power      Damage    Failure   Level
 Scorch                   Fire           28%        2d6       6%          2
 Inner Flame              Hex/Fire       8%         N/A       26%         3
 Volatile Blastmotes      Fire/Tloc      16%        2d11      26%         3
 Flame Wave               Conj/Fire      10%        2d6       54%         4


Dungeon Overview and Level Annotations

Branches:
Dungeon (2/15) Zot: 1177

Altars:


Innate Abilities, Weirdness & Mutations

You passively map a small area around you.
You are easily found by Zot.
You glow in the dark.
You regain HP and MP as you explore.


Message History

Confirm with . or Enter, or press ? or * to list all spells.
You conjure some foxfire!
The foxfire hits the hobgoblin.
The hobgoblin is severely wounded.
The foxfire hits the quokka.
You kill the quokka!
The foxfire hits the ball python.
The ball python is severely wounded.
The dart slug launches a dart at you. The slug dart hits you.
A kobold comes into view. It is wielding a +0 whip.
The hobgoblin barely misses you. Magic courses through your body.
The foxfire hits the hobgoblin.
The hobgoblin is almost dead.
The ball python bites you. The ball python misses you.
The kobold throws a stone.
The stone hits you but does no damage. The hobgoblin misses you.
Casting: Foxfire (safe; 7% risk of failure)
Confirm with . or Enter, or press ? or * to list all spells.
You miscast Foxfire.
Nothing appears to happen.
The dart slug launches a dart at you. The slug dart misses you.
The slug dart hits the ball python.
The ball python dies!
The hobgoblin barely misses you.
Casting: Foxfire (safe; 7% risk of failure)
Confirm with . or Enter, or press ? or * to list all spells.
You conjure some foxfire!
An adder comes into view.
A dart slug comes into view.
The endoplasm hits you but does no damage.
The hobgoblin hits you.
* * * LOW HITPOINT WARNING * * *
Casting: Foxfire (safe; 7% risk of failure)
Confirm with . or Enter, or press ? or * to list all spells.
You conjure some foxfire!
The foxfire hits the endoplasm.
The endoplasm is severely wounded.
The foxfire hits the hobgoblin.
You kill the hobgoblin!
A jackal comes into view.
The dart slug launches a dart at you. The slug dart hits you.
You die...

, , .........h..
* , ...<.......
, * ...........
* ..w....... , .
#.......<. , ,
,,
#..,*#.........
,
.....#v........
......†@.....>.
......KJv......
,
...............,
, * ,
.....#.K.....#.
,
#..............
**
........#S.####
, ** ...
#.#.#.#. ...
.w.=..... * *


You could see an adder, 2 dart slugs, an endoplasm (ally target), a jackal and 2
kobolds.

Vanquished Creatures
  A hobgoblin (D:2)
  A quokka (D:2)
  A ball python (D:2)
  A bat (D:2)
  A frilled lizard (D:1)
5 creatures vanquished.

Vanquished Creatures (others)
  A ball python (D:2)
  10 foxfires
11 creatures vanquished.

Grand Total: 16 creatures vanquished

Notes
Turn   | Place    | Note
-------+----------+-------------------------------------------
     0 | D:1      | hawla the Meteoran Fire Elementalist began the quest for
                  | the Orb.
     0 | D:1      | Reached XP level 1. HP: 14/14 MP: 5/5
    22 | D:2      | Killed from afar by a dart slug

Illustrated notes

Levels and vault maps discovered:
D:1:      minmay_arrival_semitransparent, layout_basic,
          ebering_ecumenical_altar_rust, minivault_19, hangedman_decor_push,
          st_stairs_14, chequers_garden, reono_crystal_passage, hex_intersection
D:2:      layout_rooms, serial_shops, shop, shop, st_stairs_4

Action                     || total
---------------------------++-------
  Melee: Unarmed           ||     1
   Cast: Foxfire           ||     7
    Use: Potion            ||     1
 Armour: Robe              ||     2
  Dodge: Dodged            ||     6
